TOP OF THE 1ST |
Walla Walla All-Stars batting - Pitching for Calgary Cowboys : RHP Jimmy Branch
|
Pitching: RHP Jimmy Branch
|
|
Batting: RHB Lorenzo Guzmán
|
0-0: Called Strike 0-1: Ball 1-1: Ball 2-1: SINGLE (Line Drive, 89M)
|
Batting: RHB Leslie Penn
|
0-0: Ball 1-0: Ground out 4-3 (Groundball, 13) Lorenzo Guzmán to second
|
Batting: RHB Lorenzo Morín
|
0-0: Called Strike Lorenzo Guzmán steals 3rd base 0-1: Foul Ball, location: 2F 0-2: Strikes out looking
|
Batting: RHB Claudio Guerra
|
0-0: Ball 1-0: Ball 2-0: Called Strike 2-1: Foul Ball, location: 2F 2-2: Foul Ball, location: 2F 2-2: Foul Ball, location: 2F 2-2: Foul Ball, location: 2F 2-2: SINGLE (Groundball, 15S) (infield hit) Lorenzo Guzmán scores
|
Batting: LHB Keith Beard
|
0-0: Foul Ball, location: 2F 0-1: Ball 1-1: Foul Ball, location: 2F 1-2: Ground out 4-3 (Groundball, 34)
|
Top of the 1st over - 1 run(s), 2 hit(s), 0 error(s), 1 left on base; Walla Walla 1 - Calgary 0 |
BOTTOM OF THE 1ST |
Calgary Cowboys batting - Pitching for Walla Walla All-Stars : LHP Pedro Torres
|
Pitching: LHP Pedro Torres
|
|
Batting: RHB Clark Hodge
|
0-0: Ball 1-0: Called Strike 1-1: Foul Ball, location: 2F 1-2: Ball 2-2: Strikes out swinging
|
Batting: LHB Donald Schultz
|
0-0: Called Strike 0-1: Fly out, F8 (Flyball, 8RM)
|
Batting: RHB Dan Wyatt
|
0-0: Ball 1-0: Called Strike 1-1: SINGLE (Groundball, 4MD)
|
Batting: RHB Cristián Peña
|
0-0: Fly out, F8 (Flyball, 8LXD)
|
Bottom of the 1st over - 0 run(s), 1 hit(s), 0 error(s), 1 left on base; Walla Walla 1 - Calgary 0 |
TOP OF THE 2ND |
Walla Walla All-Stars batting - Pitching for Calgary Cowboys : RHP Jimmy Branch
|
Batting: SHB Clinton Watson
|
0-0: Ball 1-0: Foul Ball, location: 2F 1-1: Ball 2-1: Fly out, F3 (Popup, 23)
|
Batting: RHB Pablo Lucero
|
0-0: Called Strike 0-1: Foul Ball, location: 2F 0-2: Foul Ball, location: 2F 0-2: Foul Ball, location: 2F 0-2: Ball 1-2: Fly out, F9 (Flyball, 9M)
|
Batting: RHB Pablo Castillo
|
0-0: Ball 1-0: Ground out 6-3 (Groundball, 6)
|
Top of the 2nd over - 0 run(s), 0 hit(s), 0 error(s), 0 left on base; Walla Walla 1 - Calgary 0 |
BOTTOM OF THE 2ND |
Calgary Cowboys batting - Pitching for Walla Walla All-Stars : LHP Pedro Torres
|
Batting: LHB Al Ryan
|
0-0: Foul Ball, location: 2F 0-1: Swinging Strike 0-2: Ball 1-2: Strikes out swinging
|
Batting: RHB Ramón Martínez
|
0-0: Ball 1-0: Foul Ball, location: 2F 1-1: Ball 2-1: SINGLE (Groundball, 5L) (infield hit)
|
Batting: RHB Jesús Hernández
|
0-0: Fly out, F9 (Popup, 9LSF)
|
Batting: RHB Tom Yarbrough
|
0-0: Called Strike 0-1: Ball 1-1: Called Strike 1-2: Foul Ball, location: 2F 1-2: Ball 2-2: Ball 3-2: Fly out, F4 (Popup, 4MD)
|
Bottom of the 2nd over - 0 run(s), 1 hit(s), 0 error(s), 1 left on base; Walla Walla 1 - Calgary 0 |
TOP OF THE 3RD |
Walla Walla All-Stars batting - Pitching for Calgary Cowboys : RHP Jimmy Branch
|
Batting: LHB Bob Martin
|
0-0: Foul Ball, location: 2F 0-1: Called Strike 0-2: SINGLE (Groundball, 4M)
|
Batting: RHB Lorenzo Guzmán
|
0-0: Ball 1-0: Ball 2-0: Called Strike 2-1: Called Strike 2-2: Foul Ball, location: 2F 2-2: Ball 3-2: SINGLE (Groundball, 4D) (infield hit) Bob Martin to second
|
Batting: RHB Leslie Penn
|
0-0: Called Strike 0-1: SINGLE (Groundball, 6MD) Bob Martin to third Lorenzo Guzmán to second
|
Batting: RHB Lorenzo Morín
|
0-0: Foul Ball, location: 2F 0-1: Grounds into double play, 5-4-3 (Groundball, 5) Bob Martin scores Lorenzo Guzmán to third
|
Batting: RHB Claudio Guerra
|
0-0: Ball 1-0: Called Strike 1-1: Called Strike 1-2: Ground out 6-3 (Groundball, 6M)
|
Top of the 3rd over - 1 run(s), 3 hit(s), 0 error(s), 1 left on base; Walla Walla 2 - Calgary 0 |
BOTTOM OF THE 3RD |
Calgary Cowboys batting - Pitching for Walla Walla All-Stars : LHP Pedro Torres
|
Batting: RHB Júlio Soto
|
0-0: Fly out, F9 (Flyball, 9LS)
|
Batting: RHB Clark Hodge
|
0-0: Ball 1-0: Ball 2-0: Swinging Strike 2-1: Ball 3-1: Base on Balls
|
Batting: LHB Donald Schultz
|
0-0: Called Strike 0-1: Ball 1-1: Ball 2-1: Fly out, F8 (Flyball, 8RM)
|
Batting: RHB Dan Wyatt
|
0-0: Ball 1-0: Ball 2-0: Called Strike 2-1: SINGLE (Line Drive, 7S) Clark Hodge to second
|
Batting: RHB Cristián Peña
|
0-0: Called Strike 0-1: Foul Ball, location: 2F 0-2: SINGLE (Line Drive, 56D) Clark Hodge to third Dan Wyatt to second Runner from 3rd tries for Home, SAFE, no throw or cutoff
|
Batting: LHB Al Ryan
|
0-0: Ball Wild Pitch! Dan Wyatt to third Cristián Peña to second 1-0: Swinging Strike 1-1: Ball 2-1: Ball 3-1: Base on Balls
|
Batting: RHB Ramón Martínez
|
0-0: SINGLE (Groundball, 2L) (infield hit) Dan Wyatt scores Cristián Peña to third Al Ryan to second
|
Batting: RHB Jesús Hernández
|
0-0: Ball 1-0: Called Strike 1-1: Foul Ball, location: 2F 1-2: Ground out 2-3 (Groundball, 2L)
|
Bottom of the 3rd over - 2 run(s), 3 hit(s), 0 error(s), 3 left on base; Walla Walla 2 - Calgary 2 |
TOP OF THE 4TH |
Walla Walla All-Stars batting - Pitching for Calgary Cowboys : RHP Jimmy Branch
|
Batting: LHB Keith Beard
|
0-0: Ball 1-0: Foul Ball, location: 2F 1-1: Ground out 4-3 (Groundball, 34)
|
Batting: SHB Clinton Watson
|
0-0: Ball 1-0: Ball 2-0: Foul Ball, location: 2F 2-1: Fly out, F9 (Flyball, 9D)
|
Batting: RHB Pablo Lucero
|
0-0: Called Strike 0-1: Ball 1-1: Called Strike 1-2: Foul Ball, location: 2F 1-2: Strikes out swinging
|
Top of the 4th over - 0 run(s), 0 hit(s), 0 error(s), 0 left on base; Walla Walla 2 - Calgary 2 |
BOTTOM OF THE 4TH |
Calgary Cowboys batting - Pitching for Walla Walla All-Stars : LHP Pedro Torres
|
Batting: RHB Tom Yarbrough
|
0-0: Called Strike 0-1: Ball 1-1: Ball 2-1: Ball 3-1: Called Strike 3-2: Fly out, F8 (Line Drive, 8LM)
|
Batting: RHB Júlio Soto
|
0-0: Called Strike 0-1: Ball 1-1: Foul Ball, location: 2F 1-2: Ball 2-2: Ball 3-2: Strikes out swinging
|
Batting: RHB Clark Hodge
|
0-0: Called Strike 0-1: Ball 1-1: Fly out, F9 (Popup, 34D)
|
Bottom of the 4th over - 0 run(s), 0 hit(s), 0 error(s), 0 left on base; Walla Walla 2 - Calgary 2 |
TOP OF THE 5TH |
Walla Walla All-Stars batting - Pitching for Calgary Cowboys : RHP Jimmy Branch
|
Batting: RHB Pablo Castillo
|
0-0: Ball 1-0: Ball 2-0: Called Strike 2-1: Foul Ball, location: 2F 2-2: Strikes out swinging
|
Batting: LHB Bob Martin
|
0-0: Fly out, F8 (Line Drive, 8LM)
|
Batting: RHB Lorenzo Guzmán
|
0-0: Called Strike 0-1: Foul Ball, location: 2F 0-2: Foul Ball, location: 2F 0-2: Strikes out looking
|
Top of the 5th over - 0 run(s), 0 hit(s), 0 error(s), 0 left on base; Walla Walla 2 - Calgary 2 |
BOTTOM OF THE 5TH |
Calgary Cowboys batting - Pitching for Walla Walla All-Stars : LHP Pedro Torres
|
Batting: LHB Donald Schultz
|
0-0: Ball 1-0: Called Strike 1-1: Swinging Strike 1-2: Strikes out looking
|
Batting: RHB Dan Wyatt
|
0-0: Called Strike 0-1: Called Strike 0-2: Foul Ball, location: 2F 0-2: Foul Ball, location: 2F 0-2: Ball 1-2: Ball 2-2: Fly out, F6 (Line Drive, 6)
|
Batting: RHB Cristián Peña
|
0-0: Foul Ball, location: 2F 0-1: Ball 1-1: Ball 2-1: Swinging Strike 2-2: Ball 3-2: Base on Balls
|
Batting: LHB Al Ryan
|
0-0: Called Strike 0-1: Ball 1-1: Ball 2-1: Foul Ball, location: 2F 2-2: Foul Ball, location: 2F 2-2: Ball 3-2: Foul Ball, location: 2F 3-2: Foul Ball, location: 2F 3-2: Strikes out swinging
|
Bottom of the 5th over - 0 run(s), 0 hit(s), 0 error(s), 1 left on base; Walla Walla 2 - Calgary 2 |
TOP OF THE 6TH |
Walla Walla All-Stars batting - Pitching for Calgary Cowboys : RHP Jimmy Branch
|
Batting: RHB Leslie Penn
|
0-0: Called Strike 0-1: Swinging Strike 0-2: Ground out 6-3 (Groundball, 6)
|
Batting: RHB Lorenzo Morín
|
0-0: Hit by Pitch
|
Batting: RHB Claudio Guerra
|
0-0: Ball 1-0: Swinging Strike 1-1: Foul Ball, location: 2F 1-2: Ball 2-2: Ball 3-2: Base on Balls Lorenzo Morín to second
|
Batting: LHB Keith Beard
|
0-0: Called Strike 0-1: Fly out, F4 (Popup, 4)
|
Batting: SHB Clinton Watson
|
0-0: Ball 1-0: SINGLE (Line Drive, 34) Lorenzo Morín to third Claudio Guerra to second Runner from 3rd tries for Home, SAFE, throw made at trailing runner, OUT at third!
|
Top of the 6th over - 1 run(s), 1 hit(s), 0 error(s), 1 left on base; Walla Walla 3 - Calgary 2 |
BOTTOM OF THE 6TH |
Calgary Cowboys batting - Pitching for Walla Walla All-Stars : LHP Pedro Torres
|
Batting: RHB Ramón Martínez
|
0-0: Called Strike 0-1: Fly out, F9 (Flyball, 9S)
|
Batting: RHB Jesús Hernández
|
0-0: Called Strike 0-1: Swinging Strike 0-2: Ball 1-2: Strikes out swinging
|
Batting: RHB Tom Yarbrough
|
0-0: Ball 1-0: Called Strike 1-1: Ball 2-1: Fly out, F7 (Line Drive, 78D)
|
Bottom of the 6th over - 0 run(s), 0 hit(s), 0 error(s), 0 left on base; Walla Walla 3 - Calgary 2 |
TOP OF THE 7TH |
Walla Walla All-Stars batting - Pitching for Calgary Cowboys : RHP Jimmy Branch
|
Batting: RHB Pablo Lucero
|
0-0: Ball 1-0: Swinging Strike 1-1: Ground out 6-3 (Groundball, 6)
|
Batting: RHB Pablo Castillo
|
0-0: Ball 1-0: Foul Ball, location: 2F 1-1: Ball 2-1: Ball 3-1: Foul Ball, location: 2F 3-2: Base on Balls
|
Batting: LHB Bob Martin
|
0-0: SINGLE (Groundball, 5D) Pablo Castillo to second
|
Batting: RHB Lorenzo Guzmán
|
0-0: Ball 1-0: Swinging Strike 1-1: Foul Ball, location: 2F 1-2: Foul Ball, location: 2F 1-2: Strikes out swinging
|
Pitching: RHP Mitsunari Jouda
|
|
Pinch Hitting: SHB Sean Carr
|
0-0: Called Strike 0-1: Ball 1-1: Ball 2-1: Ball 3-1: SINGLE (Groundball, 6MD) (infield hit) Pablo Castillo to third Bob Martin to second
|
Batting: RHB Lorenzo Morín
|
0-0: Ball 1-0: Swinging Strike 1-1: Foul Ball, location: 2F 1-2: Strikes out swinging
|
Top of the 7th over - 0 run(s), 2 hit(s), 0 error(s), 3 left on base; Walla Walla 3 - Calgary 2 |
BOTTOM OF THE 7TH |
Calgary Cowboys batting - Pitching for Walla Walla All-Stars : LHP Pedro Torres
|
Pitching: LHP Juan Ortíz
|
|
Now at 2B: Santiago Vallés
|
|
Batting: RHB Júlio Soto
|
0-0: Ball 1-0: Ball 2-0: Ball 3-0: Base on Balls
|
Batting: RHB Clark Hodge
|
0-0: SINGLE (Line Drive, 34) Júlio Soto to second
|
Batting: LHB Donald Schultz
|
0-0: Ball 1-0: Fly out, F7 (Flyball, 78M)
|
Batting: RHB Dan Wyatt
|
0-0: Called Strike 0-1: Ball 1-1: Foul Ball, location: 2F 1-2: Ball 2-2: Grounds into double play, 5-4-3 (Groundball, 5)
|
Bottom of the 7th over - 0 run(s), 1 hit(s), 0 error(s), 1 left on base; Walla Walla 3 - Calgary 2 |
TOP OF THE 8TH |
Walla Walla All-Stars batting - Pitching for Calgary Cowboys : RHP Mitsunari Jouda
|
Batting: RHB Claudio Guerra
|
0-0: Called Strike 0-1: Ball 1-1: Ball 2-1: Swinging Strike 2-2: Foul Ball, location: 2F 2-2: Foul Ball, location: 2F 2-2: Strikes out swinging
|
Batting: LHB Keith Beard
|
0-0: Ball 1-0: Ball 2-0: Ball 3-0: Base on Balls
|
Batting: SHB Clinton Watson
|
0-0: Fly out, F3 (Popup, 3F)
|
Batting: RHB Pablo Lucero
|
0-0: Called Strike 0-1: Foul Ball, location: 2F 0-2: SINGLE (Groundball, 56) Keith Beard to second
|
Pinch Hitting: SHB Ryu Kichida
|
0-0: Foul Ball, location: 2F 0-1: Called Strike 0-2: Foul Ball, location: 2F 0-2: Ball 1-2: Strikes out swinging
|
Top of the 8th over - 0 run(s), 1 hit(s), 0 error(s), 2 left on base; Walla Walla 3 - Calgary 2 |
BOTTOM OF THE 8TH |
Calgary Cowboys batting - Pitching for Walla Walla All-Stars : LHP Juan Ortíz
|
Pitching: RHP William Tagg
|
|
Now at 2B: Ryu Kichida
|
|
Batting: RHB Cristián Peña
|
0-0: Foul Ball, location: 2F 0-1: Ball 1-1: Called Strike 1-2: Foul Ball, location: 2F 1-2: Ground out 6-3 (Groundball, 56)
|
Batting: LHB Al Ryan
|
0-0: Called Strike 0-1: Swinging Strike 0-2: Ground out 4-3 (Groundball, 4M)
|
Batting: RHB Ramón Martínez
|
0-0: Called Strike 0-1: Foul Ball, location: 2F 0-2: Foul Ball, location: 2F 0-2: Ground out 5-3 (Groundball, 5L)
|
Bottom of the 8th over - 0 run(s), 0 hit(s), 0 error(s), 0 left on base; Walla Walla 3 - Calgary 2 |
TOP OF THE 9TH |
Walla Walla All-Stars batting - Pitching for Calgary Cowboys : RHP Mitsunari Jouda
|
Batting: LHB Bob Martin
|
0-0: Ball 1-0: Ball 2-0: Called Strike 2-1: Ball 3-1: Base on Balls
|
Batting: RHB Lorenzo Guzmán
|
0-0: Bunted foul 0-1: Sac Bunt - play at first, batter OUT! 5-4 Bob Martin to second
|
Batting: RHB Santiago Vallés
|
0-0: Called Strike 0-1: Called Strike 0-2: Ball 1-2: Ball 2-2: Strikes out looking
|
Pitching: RHP Luis Antonio Martínez
|
|
Batting: RHB Lorenzo Morín
|
0-0: Called Strike 0-1: Ball 1-1: Called Strike 1-2: Ball 2-2: Ball 3-2: Strikes out swinging
|
Top of the 9th over - 0 run(s), 0 hit(s), 0 error(s), 1 left on base; Walla Walla 3 - Calgary 2 |
BOTTOM OF THE 9TH |
Calgary Cowboys batting - Pitching for Walla Walla All-Stars : RHP William Tagg
|
Pitching: LHP Pepe Caro
|
|
Now at C: Luke McIndoe
|
|
Batting: RHB Jesús Hernández
|
0-0: Called Strike 0-1: Foul Ball, location: 2F 0-2: Ground out 5-3 (Groundball, 5S)
|
Pinch Hitting: RHB Shayne Burry
|
0-0: Called Strike 0-1: Ground out 6-3 (Groundball, 6)
|
Pinch Hitting: RHB Cristo Vázquez
|
0-0: Ground out 5-3 (Groundball, 5L)
|
Bottom of the 9th over - 0 run(s), 0 hit(s), 0 error(s), 0 left on base; Walla Walla 3 - Calgary 2 |
|